 Dungeon Crawl Stone Soup version 0.29-a0-490-g77b3608bb8 (webtiles) character file.

Game seed: 4202494707916893097

243 powerkranz the Cudgeller (level 6, 0/38 HPs)
             Began as a Gargoyle Berserker on May 26, 2022.
             Was a Priest of Trog.
             Slain by an iguana (5 damage)
             ... on level 4 of the Dungeon.
             The game lasted 00:09:14 (4029 turns).

powerkranz the Cudgeller (Gargoyle Berserker)       Turns: 4029, Time: 00:09:15

Health: 0/38       AC: 15    Str: 22    XL:     6   Next: 9%
Magic:  6/6        EV:  8    Int:  8    God:    Trog [***...]
Gold:   229        SH:  0    Dex:  9    Spells: 5/5 levels left

rFire   . . .      SeeInvis .   a - +0 mace
rCold   . . .      Faith    .   (no shield)
rNeg    + . .      Spirit   .   q - +1 chain mail
rPois   ∞          Reflect  .   (no helmet)
rElec   +          Harm     .   p - +0 cloak
rCorr   .          Rampage  .   (no gloves)
Will    +....                   (no boots)
Stlth   ..........              (no amulet)
HPRegen 0.12/turn               h - ring of willpower
MPRegen 0.10/turn               (no ring)

@: no status effects
A: sickness immunity, AC +4, negative energy resistance 1, electricity
resistance, torment resistance 1, petrification resistance
a: Renounce Religion, Berserk, Trog's Hand


You were on level 4 of the Dungeon.
You worshipped Trog.
Trog was most pleased with you.
You visited 1 branch of the dungeon, and saw 4 of its levels.

You collected 229 gold pieces.

Inventory:

Hand Weapons
 a - a +0 mace (weapon)
Armour
 i - a +0 ring mail
 p - a +0 cloak (worn)
 q - a +1 chain mail (worn)
 r - an orb of guile
Jewellery
 h - a ring of willpower (left hand)
 k - the ring of Atheism {Ice Int+3 SInv}
   (You found it on level 2 of the Dungeon)

   [ring of ice]

   It enhances your ice magic.
   Int:       It affects your intelligence (+3).
   rF:        It makes you vulnerable to fire.
   rC:        It protects you from cold.
   SInv:      It lets you see invisible.
Wands
 n - a wand of iceblast (6)
Scrolls
 b - 4 scrolls of magic mapping
Potions
 c - a potion of brilliance {unknown}
 d - a potion of haste
 e - 2 potions of heal wounds {unknown}
 f - a potion of resistance {unknown}
 g - a potion of curing {unknown}
 j - 3 potions of ambrosia
 l - 2 potions of lignification {unknown}
 m - 2 potions of mutation {unknown}
 o - 2 potions of degeneration {unknown}


   Skills:
 + Level 4.2 Fighting
 + Level 5.1 Maces & Flails
 + Level 3.3 Armour
 + Level 2.2 Dodging
 + Level 0.7 Stealth


You had 5 spell levels left.
You didn't know any spells.
Your spell library was empty.

Dungeon Overview and Level Annotations

Branches:
Dungeon (4/15)
 Temple: D:4-7

Altars:
Cheibriados
Zin


Innate Abilities, Weirdness & Mutations

You are immune to sickness and miasma.
Your stone body is resilient. (AC +4)
You are immune to poison.
You resist negative energy. (rN+)
You are resistant to electric shocks. (rElec)
You are resistant to unholy torment.
You are immune to petrification.


Message History

You hit the iguana.
The iguana is moderately wounded.
The iguana bites you but does no damage.
You hit the iguana but do no damage.
The iguana is moderately wounded.
The iguana closely misses you.
You hit the iguana.
The iguana is heavily wounded.
The iguana bites you but does no damage.
The iguana barely misses you.
You hit the iguana.
The iguana is severely wounded.
The iguana bites you.
You hit the iguana but do no damage.
The iguana is severely wounded.
The iguana bites you but does no damage.
You barely miss the iguana.
The iguana is severely wounded.
The iguana bites you.
You hit the iguana.
The iguana is almost dead.
The iguana bites you.
You are too injured to fight recklessly!
You are too injured to fight recklessly!
You are too injured to fight recklessly!
You are too injured to fight recklessly!
You barely miss the iguana.
The iguana is almost dead.
The iguana hisses menacingly.
The iguana bites you.
You hit the iguana but do no damage.
The iguana is almost dead.
The iguana bites you!
* * * LOW HITPOINT WARNING * * *
You hit the iguana but do no damage.
The iguana is almost dead.
The iguana bites you.
* * * LOW HITPOINT WARNING * * *
The iguana bites you.
You die...

#...# #..
######..># #..
#......#.# ###
#.######.#
#######.####.#.#
.............#.#
#######.####.#.#
#.####.#.#
#....@...#
######l### .# .#
.# !# .. .#


You could see an iguana.

Vanquished Creatures
  An orc priest (D:4)
  An iguana (D:4)
  4 gnolls (D:3)
  4 adders
  A dart slug (D:4)
  14 orcs
  8 bats
  5 endoplasms
  5 giant cockroaches
  7 hobgoblins
  8 jackals
  9 kobolds
  2 quokkas (D:1)
  9 ball pythons
  2 frilled lizards
  8 goblins
  4 rats
92 creatures vanquished.

Vanquished Creatures (others)
  3 plants (D:2)
3 creatures vanquished.

Grand Total: 95 creatures vanquished

Notes
Turn   | Place    | Note
-------+----------+-------------------------------------------
     0 | D:1      | powerkranz the Gargoyle Berserker began the quest for the
                  | Orb.
     0 | D:1      | Reached XP level 1. HP: 14/14 MP: 1/1
   183 | D:1      | Reached XP level 2. HP: 16/19 MP: 2/2
   795 | D:1      | Reached XP level 3. HP: 15/24 MP: 3/3
  1285 | D:1      | Found a faded altar of an unknown god.
  1435 | D:2      | Reached ** piety under Trog
  1471 | D:2      | Reached XP level 4. HP: 29/29 MP: 4/4
  1619 | D:2      | Reached skill level 4 in Maces & Flails
  1822 | D:2      | Identified the ring of Atheism {Ice Int+3 SInv}
  2698 | D:3      | Reached XP level 5. HP: 33/33 MP: 5/5
  2969 | D:3      | Reached *** piety under Trog
  3683 | D:4      | Found a glowing silver altar of Zin.
  3709 | D:4      | Found a snail-covered altar of Cheibriados.
  3793 | D:4      | Reached skill level 5 in Maces & Flails
  3920 | D:4      | Reached XP level 6. HP: 31/38 MP: 6/6
  4029 | D:4      | Slain by an iguana

Illustrated notes

Levels and vault maps discovered:
D:1:      lightli_arrival_noodles, layout_rooms, chequers_ecumenical_altar_lobes
D:2:      layout_basic, corexii_shack, kennysheep_flooded_box,
          minmay_heptomino_w4
D:3:      layout_basic, serial_aquarium, aquarium_bridge_square
          [aquarium_subvault_bridge, aquarium_subvault_bridge,
          aquarium_subvault_wall, aquarium_subvault_bridge],
          aquarium_bridge_square [aquarium_subvault_bridge,
          aquarium_subvault_window, aquarium_subvault_bridge,
          aquarium_subvault_window], aquarium_window_1, aquarium_window_1,
          aquarium_window_1, aquarium_view_2c, aquarium_balcony_3a,
          roderic_serpentine_path
D:4:      layout_basic, amcnicky_altar_gilded, zin_statuary,
          mainiacjoe_overflow_concentric_impassable, serial_shops,
          nicolae_diamond_shop

Skill      XL: |  1  2  3  4  5 |
---------------+----------------+-----
Dodging        | 2 |  2.2
Fighting       | 4 |  4.2
Maces & Flails | 4 5 |  5.1
Armour         | 3 |  3.3
Stealth        | |  0.7

Action                   |  1- 3 |  4- 6 || total
-------------------------+-------+-------++-------
Melee: Mace              |   104 |   203 ||   307
       Punch             |       |     2 ||     2
Invok: Berserk           |       |     3 ||     3
       Trog's Hand       |       |     1 ||     1
  Use: Scroll            |       |     8 ||     8
Armor: Animal skin       |    46 |       ||    46
       Ring mail         |    16 |    55 ||    71
       Chain mail        |       |    34 ||    34
Dodge: Dodged            |    92 |    92 ||   184

Table legend: (Time is in decaauts)
 A = Elapsed time spent in this place.
 B = Non-inter-level travel time spent in this place.
 C = Inter-level travel time spent in this place.
 D = Time resting spent in this place.
 E = Time spent auto-exploring this place.
 F = Levels seen in this place.
 G = Mean time per level.
                   A        B        C        D        E       F      G
               +--------+--------+--------+--------+--------+-----+--------+
         Total |   4116 |   4116 |      0 |    332 |   2873 |   4 | 1029.0 |
       Dungeon |   4116 |   4116 |      0 |    332 |   2873 |   4 | 1029.0 |
               +--------+--------+--------+--------+--------+-----+--------+

Top non-repeatable levels by time:
     D:1: 1410 daAuts
     D:2: 1286 daAuts
     D:3: 1034 daAuts
     D:4: 385 daAuts
